BR
SAN FRANCISCO MACHO MEN @ OCEANSIDE SWAMP FOXES
09/15/2026
 
TOP OF THE 1ST
Fremont Cyclones batting - Pitching for Oceanside Swamp Foxes : RHP Jorge Guillén
Pitching: RHP Jorge Guillén
Batting: RHB Jaime Delgado 0-0: Ball
1-0: Bunt for hit - play at first, batter OUT! 5-3
Batting: RHB Pablo Pineda 0-0: Called Strike
0-1: SINGLE (Flyball, 8LS)
Batting: LHB Ernesto Hernández 0-0: Ball
1-0: Fielders Choice at 2nd, 4-6 (Groundball, 34)
Batting: LHB Sergio Fernández 0-0: Swinging Strike
0-1: Ball
1-1: Foul Ball, location: 2F
1-2: Foul Ball, location: 2F
1-2: DOUBLE (Line Drive, 8RM)
Ernesto Hernández to third
Batting: RHB Ronald Smith 0-0: Called Strike
0-1: Foul Ball, location: 2F
0-2: Ball
1-2: Strikes out looking
Top of the 1st over - 0 run(s), 2 hit(s), 0 error(s), 2 left on base; Fremont 0 - Oceanside 0
BOTTOM OF THE 1ST
Oceanside Swamp Foxes batting - Pitching for Fremont Cyclones : RHP José Alvarado
Pitching: RHP José Alvarado
Batting: LHB Joel Nelson 0-0: Ball
1-0: Ball
2-0: Foul Ball, location: 2F
2-1: Foul Ball, location: 2F
2-2: Foul Ball, location: 2F
2-2: Foul Ball, location: 2F
2-2: Foul Ball, location: 2F
2-2: Ball
3-2: DOUBLE (Line Drive, 8RM)
Batting: RHB Nathan Smith 0-0: Ball
1-0: Ball
2-0: Foul Ball, location: 2F
2-1: Foul Ball, location: 2F
2-2: Foul Ball, location: 2F
2-2: Ball
3-2: Strikes out swinging
Batting: LHB Hamilton Hughes 0-0: Ball
1-0: Ball
2-0: Foul Ball, location: 2F
2-1: Ball
3-1: Base on Balls
Batting: SHB Tony Yan 0-0: Called Strike
0-1: Ball
1-1: Ball
2-1: SINGLE (Groundball, 15S) (infield hit)
Joel Nelson to third
Hamilton Hughes to second
Batting: RHB Joe Brinkman 0-0: Called Strike
0-1: Foul Ball, location: 2F
0-2: Ball
1-2: Ball
2-2: Foul Ball, location: 2F
2-2: Strikes out swinging
Batting: RHB José Dávila 0-0: Ball
1-0: Ball
2-0: Fly out, F7 (Flyball, 78M)
Bottom of the 1st over - 0 run(s), 2 hit(s), 0 error(s), 3 left on base; Fremont 0 - Oceanside 0
TOP OF THE 2ND
Fremont Cyclones batting - Pitching for Oceanside Swamp Foxes : RHP Jorge Guillén
Batting: LHB Clayton Bailey 0-0: Foul Ball, location: 2F
0-1: Ground out 4-3 (Groundball, 4)
Batting: RHB Juan Estrada 0-0: Ball
1-0: Fly out, F7 (Flyball, 78XD)
Batting: LHB Lou Goeble 0-0: Ball
1-0: Ball
2-0: Called Strike
2-1: Bunt missed!
2-2: Ground out 4-3 (Groundball, 34)
Top of the 2nd over - 0 run(s), 0 hit(s), 0 error(s), 0 left on base; Fremont 0 - Oceanside 0
BOTTOM OF THE 2ND
Oceanside Swamp Foxes batting - Pitching for Fremont Cyclones : RHP José Alvarado
Batting: RHB Rob Turner 0-0: Called Strike
0-1: SINGLE (Line Drive, 56)
Batting: SHB David Boyle 0-0: Ball
1-0: Foul Ball, location: 2F
1-1: Foul Ball, location: 2F
1-2: Ground out U3 (Groundball, 3S)
Rob Turner to second
Batting: RHB Júlio Rodríguez 0-0: Ball
1-0: Called Strike
1-1: Foul Ball, location: 2F
1-2: Ball
2-2: Ball
3-2: Ground out 5-3 (Groundball, 5S)
Rob Turner to third
Batting: LHB Joel Nelson 0-0: Called Strike
0-1: SINGLE (Line Drive, 34D)
Rob Turner scores
Batting: RHB Nathan Smith 0-0: Ball
1-0: Ball
Joel Nelson steals 2nd base
2-0: SINGLE (Line Drive, 7LS)
Joel Nelson to third
Runner from 3rd tries for Home, SAFE, no throw or cutoff
Batting: LHB Hamilton Hughes 0-0: Called Strike
0-1: Ball
Throwing error on steal attempt, E2
Nathan Smith to third
1-1: Ball
2-1: Foul Ball, location: 2F
2-2: Ground out 6-3 (Groundball, 6)
Bottom of the 2nd over - 2 run(s), 3 hit(s), 1 error(s), 1 left on base; Fremont 0 - Oceanside 2
TOP OF THE 3RD
Fremont Cyclones batting - Pitching for Oceanside Swamp Foxes : RHP Jorge Guillén
Batting: RHB Carlos Rosales 0-0: Ball
1-0: Swinging Strike
1-1: Ball
2-1: Called Strike
2-2: Strikes out swinging
Batting: RHB Jaime Delgado 0-0: Swinging Strike
0-1: Foul Ball, location: 2F
0-2: Ball
1-2: Ball
2-2: Ball
3-2: Strikes out swinging
Batting: RHB Pablo Pineda 0-0: Called Strike
0-1: Ball
1-1: Foul Ball, location: 2F
1-2: Foul Ball, location: 2F
1-2: SINGLE (Flyball, 9S)
Batting: LHB Ernesto Hernández 0-0: Foul Ball, location: 2F
0-1: Ball
1-1: Swinging Strike
1-2: Strikes out swinging
Top of the 3rd over - 0 run(s), 1 hit(s), 0 error(s), 1 left on base; Fremont 0 - Oceanside 2
BOTTOM OF THE 3RD
Oceanside Swamp Foxes batting - Pitching for Fremont Cyclones : RHP José Alvarado
Batting: SHB Tony Yan 0-0: Swinging Strike
0-1: Swinging Strike
0-2: Ball
1-2: Foul Ball, location: 2F
1-2: Strikes out swinging
Batting: RHB Joe Brinkman 0-0: Ball
1-0: Foul Ball, location: 2F
1-1: Ball
2-1: Swinging Strike
2-2: Ball
3-2: Base on Balls
Batting: RHB José Dávila 0-0: Foul Ball, location: 2F
0-1: Fly out, F9 (Popup, 9LS)
Batting: RHB Rob Turner 0-0: Swinging Strike
0-1: Ball
Joe Brinkman steals 2nd base
1-1: Called Strike
1-2: Foul Ball, location: 2F
1-2: Strikes out swinging
Bottom of the 3rd over - 0 run(s), 0 hit(s), 0 error(s), 1 left on base; Fremont 0 - Oceanside 2
TOP OF THE 4TH
Fremont Cyclones batting - Pitching for Oceanside Swamp Foxes : RHP Jorge Guillén
Batting: LHB Sergio Fernández 0-0: Called Strike
0-1: Foul Ball, location: 2F
0-2: Ball
1-2: SOLO HOME RUN (Flyball, 89XD), Distance : 424 ft
Batting: RHB Ronald Smith 0-0: Ball
1-0: Ball
2-0: Called Strike
2-1: Swinging Strike
2-2: Foul Ball, location: 2F
2-2: Foul Ball, location: 2F
2-2: Fly out, F4 (Popup, 4M)
Batting: LHB Clayton Bailey 0-0: SINGLE (Line Drive, 7S)
Batting: RHB Juan Estrada 0-0: Called Strike
0-1: Fly out, F7 (Flyball, 78M)
Batting: LHB Lou Goeble 0-0: Called Strike
0-1: Called Strike
0-2: Ball
1-2: Fly out, F7 (Flyball, 7S)
Top of the 4th over - 1 run(s), 2 hit(s), 0 error(s), 1 left on base; Fremont 1 - Oceanside 2
BOTTOM OF THE 4TH
Oceanside Swamp Foxes batting - Pitching for Fremont Cyclones : RHP José Alvarado
Batting: SHB David Boyle 0-0: Ball
1-0: Ball
2-0: Ball
3-0: Base on Balls
Batting: RHB Júlio Rodríguez 0-0: Ball
1-0: Called Strike
1-1: Ball
2-1: Fly out, F7 (Flyball, 7LM)
Pitching: RHP Rick Díaz
Batting: LHB Joel Nelson 0-0: Ball
1-0: Ball
2-0: Ball
3-0: Called Strike
3-1: Called Strike
3-2: Fly out, F6 (Popup, 6)
Batting: RHB Nathan Smith 0-0: Ball
1-0: Ball
2-0: Foul Ball, location: 2F
2-1: Ball
3-1: Called Strike
3-2: Ground out 6-3 (Groundball, 6)
Bottom of the 4th over - 0 run(s), 0 hit(s), 0 error(s), 1 left on base; Fremont 1 - Oceanside 2
TOP OF THE 5TH
Fremont Cyclones batting - Pitching for Oceanside Swamp Foxes : RHP Jorge Guillén
Batting: RHB Carlos Rosales 0-0: Ball
1-0: Foul Ball, location: 2F
1-1: Fly out, F5 (Popup, 5SF)
Batting: RHB Jaime Delgado 0-0: Ball
1-0: Ground out 6-3 (Groundball, 56)
Batting: RHB Pablo Pineda 0-0: Ball
1-0: Called Strike
1-1: Ground out 4-3 (Groundball, 4)
Top of the 5th over - 0 run(s), 0 hit(s), 0 error(s), 0 left on base; Fremont 1 - Oceanside 2
BOTTOM OF THE 5TH
Oceanside Swamp Foxes batting - Pitching for Fremont Cyclones : RHP Rick Díaz
Batting: LHB Hamilton Hughes 0-0: Ball
1-0: Ball
2-0: Ball
3-0: Base on Balls
Batting: SHB Tony Yan 0-0: Called Strike
0-1: Ball
1-1: Ball
2-1: Foul Ball, location: 2F
2-2: Ball
3-2: Fielders Choice at 2nd, 6-4 (Groundball, 6)
Batting: RHB Joe Brinkman 0-0: Called Strike
0-1: Ball
1-1: Called Strike
1-2: SINGLE (Groundball, 56D)
Tony Yan to second
Batting: RHB José Dávila 0-0: Ball
1-0: Foul Ball, location: 2F
1-1: Ball
2-1: Foul Ball, location: 2F
2-2: Ball
3-2: Strikes out looking
Batting: RHB Rob Turner 0-0: Ball
1-0: Ground out 5-3 (Groundball, 56)
Bottom of the 5th over - 0 run(s), 1 hit(s), 0 error(s), 2 left on base; Fremont 1 - Oceanside 2
TOP OF THE 6TH
Fremont Cyclones batting - Pitching for Oceanside Swamp Foxes : RHP Jorge Guillén
Batting: LHB Ernesto Hernández 0-0: SINGLE (Groundball, 34D)
Batting: LHB Sergio Fernández 0-0: Ball
1-0: DOUBLE (Line Drive, 7LM)
Ernesto Hernández to third
Batting: RHB Ronald Smith 0-0: Called Strike
0-1: Fly out, F3 (Popup, 34S)
Batting: LHB Clayton Bailey 0-0: Called Strike
0-1: Ground out 3-1 (Groundball, 23)
Batting: RHB Juan Estrada 0-0: Called Strike
0-1: Ball
1-1: Ball
2-1: Called Strike
2-2: Foul Ball, location: 2F
2-2: Ball
3-2: Base on Balls
Pitching: RHP Júlio Lucchi
Batting: LHB Lou Goeble 0-0: Ball
1-0: Foul Ball, location: 2F
1-1: Called Strike
1-2: Strikes out swinging
Top of the 6th over - 0 run(s), 2 hit(s), 0 error(s), 3 left on base; Fremont 1 - Oceanside 2
BOTTOM OF THE 6TH
Oceanside Swamp Foxes batting - Pitching for Fremont Cyclones : RHP Rick Díaz
Batting: SHB David Boyle 0-0: Ball
1-0: Ball
2-0: Foul Ball, location: 2F
2-1: Foul Ball, location: 2F
2-2: Fly out, F8 (Flyball, 8RS)
Batting: RHB Júlio Rodríguez 0-0: Ball
1-0: Foul Ball, location: 2F
1-1: Swinging Strike
1-2: Ball
2-2: Strikes out swinging
Batting: LHB Joel Nelson 0-0: Swinging Strike
0-1: SINGLE (Groundball, 34D)
Batting: RHB Nathan Smith 0-0: Ball
Joel Nelson is caught stealing 2nd base
Bottom of the 6th over - 0 run(s), 1 hit(s), 0 error(s), 0 left on base; Fremont 1 - Oceanside 2
TOP OF THE 7TH
Fremont Cyclones batting - Pitching for Oceanside Swamp Foxes : RHP Júlio Lucchi
Batting: RHB Carlos Rosales 0-0: Ball
1-0: Called Strike
1-1: Ball
2-1: Fly out, F3 (Popup, 3SF)
Batting: RHB Jaime Delgado 0-0: Fly out, F9 (Popup, 4D)
Batting: RHB Pablo Pineda 0-0: Called Strike
0-1: Ball
1-1: Fly out, F4 (Popup, 4MS)
Top of the 7th over - 0 run(s), 0 hit(s), 0 error(s), 0 left on base; Fremont 1 - Oceanside 2
BOTTOM OF THE 7TH
Oceanside Swamp Foxes batting - Pitching for Fremont Cyclones : RHP Rick Díaz
Pitching: RHP José Estrada
Batting: RHB Nathan Smith 0-0: Ball
1-0: Called Strike
1-1: Foul Ball, location: 2F
1-2: Foul Ball, location: 2F
1-2: Fly out, F6 (Popup, 6MD)
Batting: LHB Hamilton Hughes 0-0: Ball
1-0: Swinging Strike
1-1: Fly out, F8 (Flyball, 78D)
Batting: SHB Tony Yan 0-0: Swinging Strike
0-1: Ball
1-1: Foul Ball, location: 2F
1-2: Fly out, F8 (Flyball, 8LM)
Bottom of the 7th over - 0 run(s), 0 hit(s), 0 error(s), 0 left on base; Fremont 1 - Oceanside 2
TOP OF THE 8TH
Fremont Cyclones batting - Pitching for Oceanside Swamp Foxes : RHP Júlio Lucchi
Pitching: LHP Lorenzo Guzmán
Batting: LHB Ernesto Hernández 0-0: Ball
1-0: DOUBLE (Groundball, 5L)
Batting: LHB Sergio Fernández 0-0: Ball
1-0: Ball
2-0: Called Strike
2-1: Ball
3-1: Ground out 4-3 (Groundball, 4)
Ernesto Hernández to third
Pitching: RHP Arturo García
Pinch Hitting: SHB Arnold Moore 0-0: Ball
1-0: Foul Ball, location: 2F
1-1: Foul Ball, location: 2F
1-2: SINGLE (Groundball, 6MD)
Ernesto Hernández scores
Batting: LHB Clayton Bailey 0-0: Ball
Wild Pitch!
Arnold Moore to second
1-0: Ball
2-0: Called Strike
2-1: Foul Ball, location: 2F
2-2: SINGLE (Groundball, 4MD)
Arnold Moore to third
Batting: RHB Juan Estrada 0-0: Called Strike
0-1: Ball
1-1: Foul Ball, location: 2F
1-2: Foul Ball, location: 2F
1-2: Foul Ball, location: 2F
1-2: Strikes out looking
Batting: LHB Lou Goeble 0-0: Foul Ball, location: 2F
0-1: Foul Ball, location: 2F
0-2: Fly out, F7 (Flyball, 7M)
Top of the 8th over - 1 run(s), 3 hit(s), 0 error(s), 2 left on base; Fremont 2 - Oceanside 2
BOTTOM OF THE 8TH
Oceanside Swamp Foxes batting - Pitching for Fremont Cyclones : RHP José Estrada
Now at SS: Arnold Moore
Pinch Hitting: LHB Howard Holder 0-0: Ball
1-0: Ball
2-0: Fly out, F5 (Popup, 25F)
Pinch Hitting: SHB Alberto Sandoval 0-0: Called Strike
0-1: Swinging Strike
0-2: Strikes out swinging
Batting: RHB Rob Turner 0-0: Ball
1-0: Ball
2-0: Fly out, F8 (Flyball, 8LXD)
Bottom of the 8th over - 0 run(s), 0 hit(s), 0 error(s), 0 left on base; Fremont 2 - Oceanside 2
TOP OF THE 9TH
Fremont Cyclones batting - Pitching for Oceanside Swamp Foxes : RHP Arturo García
Pitching: RHP Roberto Carbaja
Now at 2B: Carlos Sánchez
Now at 3B: Alberto Sandoval
Batting: RHB Carlos Rosales 0-0: Called Strike
0-1: Ball
1-1: Ball
2-1: Ball
3-1: Ground out 2-3 (Groundball, 2L)
Batting: RHB Jaime Delgado 0-0: Fly out, F8 (Flyball, 8LXD)
Batting: RHB Pablo Pineda 0-0: Ball
1-0: Ball
2-0: Ball
3-0: Base on Balls
Batting: LHB Ernesto Hernández 0-0: Called Strike
0-1: Called Strike
0-2: Foul Ball, location: 2F
0-2: Strikes out swinging
Top of the 9th over - 0 run(s), 0 hit(s), 0 error(s), 1 left on base; Fremont 2 - Oceanside 2
BOTTOM OF THE 9TH
Oceanside Swamp Foxes batting - Pitching for Fremont Cyclones : RHP José Estrada
Pinch Hitting: SHB Dale Winters 0-0: Swinging Strike
0-1: Swinging Strike
0-2: Foul Ball, location: 2F
0-2: Strikes out swinging
Batting: RHB Júlio Rodríguez 0-0: Called Strike
0-1: Ball
1-1: Foul Ball, location: 2F
1-2: Strikes out swinging, 2-3 out at first.
Batting: LHB Joel Nelson 0-0: Ball
1-0: Called Strike
1-1: Foul Ball, location: 2F
1-2: Strikes out looking
Bottom of the 9th over - 0 run(s), 0 hit(s), 0 error(s), 0 left on base; Fremont 2 - Oceanside 2
TOP OF THE 10TH
Fremont Cyclones batting - Pitching for Oceanside Swamp Foxes : RHP Roberto Carbaja
Now in CF: Dale Winters
Batting: LHB Sergio Fernández 0-0: Ball
1-0: Ball
2-0: Foul Ball, location: 2F
2-1: Foul Ball, location: 2F
2-2: Foul Ball, location: 2F
2-2: Ball
3-2: Foul Ball, location: 2F
3-2: Foul Ball, location: 2F
3-2: Foul Ball, location: 2F
3-2: SINGLE (Line Drive, 56)
Batting: SHB Arnold Moore 0-0: Called Strike
0-1: Called Strike
0-2: Ball
1-2: Foul Ball, location: 2F
1-2: Strikes out swinging
Batting: LHB Clayton Bailey 0-0: Foul Ball, location: 2F
0-1: Foul Ball, location: 2F
0-2: Foul Ball, location: 2F
0-2: Strikes out swinging
Batting: RHB Juan Estrada 0-0: Called Strike
0-1: Ball
1-1: Ground out 5-3 (Groundball, 56)
Top of the 10th over - 0 run(s), 1 hit(s), 0 error(s), 1 left on base; Fremont 2 - Oceanside 2
BOTTOM OF THE 10TH
Oceanside Swamp Foxes batting - Pitching for Fremont Cyclones : RHP José Estrada
Batting: RHB Nathan Smith 0-0: Ground out 6-3 (Groundball, 6)
Batting: LHB Hamilton Hughes 0-0: Foul Ball, location: 2F
0-1: Called Strike
0-2: Ball
1-2: Ball
2-2: Fly out, F8 (Popup, 4MD)
Batting: SHB Tony Yan 0-0: Called Strike
0-1: Foul Ball, location: 2F
0-2: Ball
1-2: Foul Ball, location: 2F
1-2: Fly out, F7 (Flyball, 7D)
Bottom of the 10th over - 0 run(s), 0 hit(s), 0 error(s), 0 left on base; Fremont 2 - Oceanside 2
TOP OF THE 11TH
Fremont Cyclones batting - Pitching for Oceanside Swamp Foxes : RHP Roberto Carbaja
Pitching: LHP Cedric Duncan
Pinch Hitting: RHB Nelson Burton 0-0: Reached on error, E4 (Groundball, 4)
Batting: RHB Carlos Rosales 0-0: Sac Bunt - play at first, batter OUT! 2-3
Nelson Burton to second
Batting: RHB Jaime Delgado 0-0: Ball
1-0: Ground out U3 (Groundball, 3L)
Nelson Burton to third
Batting: RHB Pablo Pineda 0-0: Foul Ball, location: 2F
0-1: Ball
1-1: Foul Ball, location: 2F
1-2: Foul Ball, location: 2F
1-2: Foul Ball, location: 2F
1-2: Foul Ball, location: 2F
1-2: Ball
2-2: Foul Ball, location: 2F
2-2: Ball
3-2: SINGLE (Groundball, 56D) (infield hit)
Nelson Burton scores
Batting: LHB Ernesto Hernández 0-0: Ground out 4-3 (Groundball, 34)
Top of the 11th over - 1 run(s), 1 hit(s), 1 error(s), 1 left on base; Fremont 3 - Oceanside 2
BOTTOM OF THE 11TH
Oceanside Swamp Foxes batting - Pitching for Fremont Cyclones : RHP José Estrada
Pitching: LHP António Rodríguez
Now in RF: Mal Jiménez
Batting: RHB Carlos Sánchez 0-0: Called Strike
0-1: Ball
1-1: Foul Ball, location: 2F
1-2: Ball
2-2: Foul Ball, location: 2F
2-2: SINGLE (Line Drive, 8RS)
Batting: SHB Alberto Sandoval 0-0: Sac Bunt - play at first, batter OUT! 5-4
Carlos Sánchez to second
Batting: RHB Rob Turner 0-0: Ball
1-0: Fly out, F4 (Popup, 34D)
Batting: SHB Dale Winters 0-0: Called Strike
0-1: Swinging Strike
0-2: Foul Ball, location: 2F
0-2: Strikes out swinging
Bottom of the 11th over - 0 run(s), 1 hit(s), 0 error(s), 1 left on base; Fremont 3 - Oceanside 2
Monday, December 5th, 2016 - OOTP Baseball 17.12 Build 75